ABL
CANBERRA RAIDERS @ CRONULLA SHARKS
07/02/2022
 
TOP OF THE 1ST
Canberra Raiders batting - Pitching for Cronulla Sharks : RHP Cavill Stupples
Pitching: RHP Cavill Stupples
Batting: RHB Jamie Aplin 0-0: Ball
1-0: Ball
2-0: Called Strike
2-1: SINGLE (Groundball, 23, EV 61.9 MPH) (infield hit)
Batting: RHB Bob Burdikin 0-0: Foul Ball, location: 9LSF
0-1: Fly out, F6 (Popup, P, EV 81.9 MPH)
Batting: LHB Glen Hamlyn 0-0: Ball
Jamie Aplin steals 2nd base
1-0: Called Strike
1-1: Foul Ball, location: 7LDF
1-2: Ball
2-2: Ball
3-2: Ground out U3 (Groundball, 34S, EV 81.3 MPH)
Jamie Aplin to third
Batting: RHB Tim Kennelly 0-0: Ball
1-0: Ball
2-0: Reached on error, E4 (Groundball, 4, EV 85.6 MPH)
Jamie Aplin scores
Batting: LHB Ken Pym 0-0: Ball
1-0: Called Strike
1-1: Foul Ball, location: 3F
1-2: Ground out 4-3 (Groundball, 34, EV 82.5 MPH)
Top of the 1st over - 1 run, 1 hit, 1 error, 1 left on base; Canberra 1 - Cronulla 0
BOTTOM OF THE 1ST
Cronulla Sharks batting - Pitching for Canberra Raiders : RHP Matt Melsome
Pitching: RHP Matt Melsome
Batting: LHB Nick Jeffcoate 0-0: Ball
1-0: Called Strike
1-1: Ground out 4-3 (Groundball, 4, EV 86.3 MPH)
Batting: RHB Sloan Windus 0-0: Ball
1-0: Called Strike
1-1: Called Strike
1-2: Ball
2-2: Foul Ball, location: 25FF
2-2: Foul Ball, location: 3FF
2-2: Foul Ball, location: 25F
2-2: Foul Ball, location: 9LMF
2-2: Foul Ball, location: 5FF
2-2: Fly out, F9 (Flyball, 89S, EV 86.3 MPH)
Batting: LHB Bill Gower 0-0: Called Strike
0-1: Fly out, F8 (Flyball, 8RXD, EV 111.9 MPH)
Bottom of the 1st over - 0 runs, 0 hits, 0 errors, 0 left on base; Canberra 1 - Cronulla 0
TOP OF THE 2ND
Canberra Raiders batting - Pitching for Cronulla Sharks : RHP Cavill Stupples
Batting: RHB Jory Esplin 0-0: Ball
1-0: Foul Ball, location: 2F
1-1: Ball
2-1: Swinging Strike
2-2: Ball
3-2: Foul Ball, location: 3SF
3-2: Ground out 6-3 (Groundball, 6, EV 97.5 MPH)
Batting: RHB Brad Windus 0-0: Ball
1-0: Called Strike
1-1: Ball
2-1: Foul Ball, location: 23FF
2-2: Fly out, F9 (Flyball, 89S, EV 93.8 MPH)
Batting: SHB Matt Melsome 0-0: Ground out 3-1 (Groundball, 34, EV 105.6 MPH)
Top of the 2nd over - 0 runs, 0 hits, 0 errors, 0 left on base; Canberra 1 - Cronulla 0
BOTTOM OF THE 2ND
Cronulla Sharks batting - Pitching for Canberra Raiders : RHP Matt Melsome
Batting: RHB Asa Thatcher 0-0: Ball
1-0: Ball
2-0: Foul Ball, location: 25FF
2-1: Ball
3-1: Foul Ball, location: 9LDF
3-2: Ground out 6-3 (Groundball, 6S, EV 91.9 MPH)
Batting: RHB Mark Ryan 0-0: Ball
1-0: Called Strike
1-1: Foul Ball, location: 3FF
1-2: Strikes out looking
Batting: SHB Bruno Collick 0-0: Called Strike
0-1: Foul Ball, location: 2F
0-2: Ball
1-2: Foul Ball, location: 3DF
1-2: Ball
2-2: SINGLE (Groundball, 4MD, EV 103.8 MPH)
Batting: RHB Ollie Bullivant 0-0: Ball
1-0: Ball
2-0: Ball
3-0: Called Strike
3-1: Base on Balls
Bruno Collick to second
Batting: RHB Rhys Bloor 0-0: Ball
1-0: SINGLE (Line Drive, 34D, EV 110.0 MPH)
Bruno Collick to third
Ollie Bullivant to second
Runner from 3rd tries for Home, SAFE, throw by RF to home
Batting: RHB Cavill Stupples 0-0: SINGLE (Groundball, 6MD, EV 94.4 MPH)
Ollie Bullivant to third
Rhys Bloor to second
Runner from 3rd tries for Home, SAFE, throw by CF to home
Batting: LHB Nick Jeffcoate 0-0: Ball
1-0: 3-RUN HOME RUN (Flyball, 78XD, EV 100.0 MPH), Distance : 390 ft
Batting: RHB Sloan Windus 0-0: Called Strike
0-1: SINGLE (Groundball, 5S, EV 76.9 MPH) (infield hit)
Batting: LHB Bill Gower 0-0: Ground out 4-3 (Groundball, 4, EV 109.4 MPH)
Bottom of the 2nd over - 5 runs, 5 hits, 0 errors, 1 left on base; Canberra 1 - Cronulla 5
TOP OF THE 3RD
Canberra Raiders batting - Pitching for Cronulla Sharks : RHP Cavill Stupples
Batting: LHB Darrien Simmons 0-0: Ground out U3 (Groundball, 3, EV 110.6 MPH)
Batting: RHB Jamie Aplin 0-0: Ground out 5-3 (Groundball, 56S, EV 78.1 MPH)
Batting: RHB Bob Burdikin 0-0: Called Strike
0-1: Foul Ball, location: 3F
0-2: Strikes out looking
Top of the 3rd over - 0 runs, 0 hits, 0 errors, 0 left on base; Canberra 1 - Cronulla 5
BOTTOM OF THE 3RD
Cronulla Sharks batting - Pitching for Canberra Raiders : RHP Matt Melsome
Batting: RHB Asa Thatcher 0-0: Ball
1-0: Ball
2-0: Ball
3-0: Base on Balls
Batting: RHB Mark Ryan 0-0: Ball
1-0: Swinging Strike
1-1: Swinging Strike
1-2: Strikes out swinging
Batting: SHB Bruno Collick 0-0: Ball
1-0: Ball
2-0: Foul Ball, location: 2F
2-1: Ball
3-1: Fly out, F8 (Flyball, 8LXD, EV 103.1 MPH)
Batting: RHB Ollie Bullivant 0-0: Foul Ball, location: 2F
0-1: Swinging Strike
0-2: Foul Ball, location: 25F
0-2: Foul Ball, location: 3FF
0-2: Ball
1-2: DOUBLE (Flyball, 8RXD, EV 92.5 MPH)
Asa Thatcher to third
Batting: RHB Rhys Bloor 0-0: Intentional Walk
Batting: RHB Cavill Stupples 0-0: Ball
1-0: Ball
2-0: Fly out, F6 (Popup, 4MD, EV 60.0 MPH)
Bottom of the 3rd over - 0 runs, 1 hit, 0 errors, 3 left on base; Canberra 1 - Cronulla 5
TOP OF THE 4TH
Canberra Raiders batting - Pitching for Cronulla Sharks : RHP Cavill Stupples
Batting: LHB Glen Hamlyn 0-0: Foul Ball, location: 7LMF
0-1: Ball
1-1: Foul Ball, location: 2F
1-2: Ground out 1-3 (Groundball, 13S, EV 76.3 MPH)
Batting: RHB Tim Kennelly 0-0: Ball
1-0: SINGLE (Line Drive, 89M, EV 106.3 MPH)
Batting: LHB Ken Pym 0-0: Ball
1-0: Called Strike
1-1: Swinging Strike
1-2: Foul Ball, location: 2F
1-2: Foul Ball, location: 2LF
1-2: Ball
2-2: Ball
3-2: Strikes out swinging
Tim Kennelly steals 2nd base
Batter strikes out.
Batting: RHB Jory Esplin 0-0: Ball
1-0: Ball
2-0: Ball
3-0: Called Strike
3-1: Foul Ball, location: 23F
3-2: Foul Ball, location: 3F
3-2: DOUBLE (Line Drive, 7LM, EV 100.0 MPH)
Tim Kennelly scores
Batting: RHB Brad Windus 0-0: Called Strike
0-1: Foul Ball, location: 9LSF
0-2: Ball
1-2: Ball
2-2: Ball
3-2: Strikes out swinging
Top of the 4th over - 1 run, 2 hits, 0 errors, 1 left on base; Canberra 2 - Cronulla 5
BOTTOM OF THE 4TH
Cronulla Sharks batting - Pitching for Canberra Raiders : RHP Matt Melsome
Batting: LHB Nick Jeffcoate 0-0: Swinging Strike
0-1: Ball
1-1: Ball
2-1: Ball
3-1: Foul Ball, location: 23F
3-2: Foul Ball, location: 9LSF
3-2: Foul Ball, location: 2F
3-2: SINGLE (Groundball, 56, EV 107.5 MPH)
Batting: RHB Sloan Windus 0-0: Called Strike
0-1: Ball
1-1: Foul Ball, location: 5FF
1-2: DOUBLE (Line Drive, 7LD, EV 100.6 MPH)
Nick Jeffcoate to third
Batting: LHB Bill Gower 0-0: Foul Ball, location: 9LSFF
0-1: Ball
1-1: Called Strike
1-2: Strikes out swinging
Batting: RHB Asa Thatcher 0-0: Called Strike
0-1: Fly out, F9 (Line Drive, 9, EV 108.1 MPH)
Runner from 3rd tags up, SCORES, no throw by RF
Pitching: RHP Mitch Lawrenson
Now at C: Herb Pethick
Batting: RHB Mark Ryan 0-0: 2-RUN HOME RUN (Flyball, 78XD, EV 95.6 MPH), Distance : 377 ft
Batting: SHB Bruno Collick 0-0: Called Strike
0-1: Foul Ball, location: 2F
0-2: Fly out, F9 (Flyball, 89D, EV 104.4 MPH)
Bottom of the 4th over - 3 runs, 3 hits, 0 errors, 0 left on base; Canberra 2 - Cronulla 8
TOP OF THE 5TH
Canberra Raiders batting - Pitching for Cronulla Sharks : RHP Cavill Stupples
Batting: RHB Herb Pethick 0-0: Ball
1-0: Foul Ball, location: 23F
1-1: Foul Ball, location: 5DF
1-2: Strikes out swinging
Batting: LHB Darrien Simmons 0-0: Called Strike
0-1: Called Strike
0-2: Ball
1-2: Strikes out swinging
Batting: RHB Jamie Aplin 0-0: Called Strike
0-1: Ball
1-1: Ball
2-1: Swinging Strike
2-2: Strikes out looking
Top of the 5th over - 0 runs, 0 hits, 0 errors, 0 left on base; Canberra 2 - Cronulla 8
BOTTOM OF THE 5TH
Cronulla Sharks batting - Pitching for Canberra Raiders : RHP Mitch Lawrenson
Batting: RHB Ollie Bullivant 0-0: Ball
1-0: Foul Ball, location: 9LSF
1-1: Ball
2-1: Foul Ball, location: 23FF
2-2: Strikes out looking
Batting: RHB Rhys Bloor 0-0: Ball
1-0: Swinging Strike
1-1: Ground out U3 (Groundball, 3, EV 80.6 MPH)
Batting: RHB Cavill Stupples 0-0: Ball
1-0: Ball
2-0: Swinging Strike
2-1: Foul Ball, location: 2F
2-2: Ball
3-2: Foul Ball, location: 2F
3-2: Strikes out swinging
Bottom of the 5th over - 0 runs, 0 hits, 0 errors, 0 left on base; Canberra 2 - Cronulla 8
TOP OF THE 6TH
Canberra Raiders batting - Pitching for Cronulla Sharks : RHP Cavill Stupples
Batting: RHB Bob Burdikin 0-0: Ball
1-0: Ball
2-0: Foul Ball, location: 23FF
2-1: Foul Ball, location: 5F
2-2: Foul Ball, location: 2F
2-2: Ball
3-2: Base on Balls
Batting: LHB Glen Hamlyn 0-0: Called Strike
0-1: Foul Ball, location: 23F
0-2: Strikes out swinging
Batting: RHB Tim Kennelly 0-0: Ball
1-0: Ball
2-0: Called Strike
2-1: Foul Ball, location: 5F
2-2: Strikes out swinging
Batting: LHB Ken Pym 0-0: Foul Ball, location: 2F
0-1: Foul Ball, location: 5SF
0-2: SINGLE (Flyball, 7LS, EV 95.0 MPH)
Bob Burdikin to second
Batting: RHB Jory Esplin 0-0: Ball
1-0: Ground out 5-3 (Groundball, 56S, EV 80.6 MPH)
Top of the 6th over - 0 runs, 1 hit, 0 errors, 2 left on base; Canberra 2 - Cronulla 8
BOTTOM OF THE 6TH
Cronulla Sharks batting - Pitching for Canberra Raiders : RHP Mitch Lawrenson
Batting: LHB Nick Jeffcoate 0-0: Ball
1-0: Ball
2-0: Called Strike
2-1: Ball
3-1: Foul Ball, location: 5SF
3-2: Base on Balls
Batting: RHB Sloan Windus 0-0: Called Strike
0-1: Ball
1-1: SINGLE (Groundball, 15, EV 68.8 MPH) (infield hit)
Nick Jeffcoate to second
Batting: LHB Bill Gower 0-0: Ball
1-0: Foul Ball, location: 2F
1-1: Ball
2-1: Fly out, F9 (Flyball, 89D, EV 110.0 MPH)
Runner from 2nd tags up, SAFE at 3rd, no throw by RF
Batting: RHB Asa Thatcher 0-0: Called Strike
0-1: Ball
1-1: SINGLE (Groundball, 34D, EV 107.5 MPH)
Nick Jeffcoate scores
Sloan Windus to second
Runner from 2nd tries for 3rd, SAFE, throw by RF made to third
Batting: RHB Mark Ryan 0-0: Ball
1-0: Ball
2-0: SINGLE (Line Drive, 34, EV 98.8 MPH)
Sloan Windus scores
Asa Thatcher to second
Batting: SHB Bruno Collick 0-0: Foul Ball, location: 9LMF
0-1: Swinging Strike
0-2: Strikes out swinging
Batting: RHB Ollie Bullivant 0-0: Ball
1-0: Fly out, F9 (Flyball, 9, EV 79.4 MPH)
Bottom of the 6th over - 2 runs, 3 hits, 0 errors, 2 left on base; Canberra 2 - Cronulla 10
TOP OF THE 7TH
Canberra Raiders batting - Pitching for Cronulla Sharks : RHP Cavill Stupples
Pinch Hitting: RHB Xavier Millington 0-0: Called Strike
0-1: Called Strike
0-2: Strikes out looking
Batting: RHB Herb Pethick 0-0: Foul Ball, location: 5F
0-1: Ball
1-1: Called Strike
1-2: Strikes out looking and he ARGUES THE CALL AND IS TOSSED!
Batting: LHB Darrien Simmons 0-0: Foul Ball, location: 3F
0-1: Foul Ball, location: 7LDF
0-2: Ball
1-2: Ball
2-2: Fly out, F8 (Flyball, 8RS, EV 78.8 MPH)
Top of the 7th over - 0 runs, 0 hits, 0 errors, 0 left on base; Canberra 2 - Cronulla 10
BOTTOM OF THE 7TH
Cronulla Sharks batting - Pitching for Canberra Raiders : RHP Mitch Lawrenson
Pitching: RHP Link Dagger
Now at C: Xavier Millington
Batting: RHB Rhys Bloor 0-0: DOUBLE (Line Drive, 8RXD, EV 106.9 MPH)
Pinch Hitting: SHB Tony Alvarado 0-0: Called Strike
0-1: Swinging Strike
0-2: Ball
1-2: Fly out, F7 (Line Drive, 7, EV 96.9 MPH)
Batting: LHB Nick Jeffcoate 0-0: Ball
1-0: SINGLE (Groundball, 34S, EV 69.4 MPH) (infield hit)
Rhys Bloor to third
Pinch Hitting: RHB Louis Belcher 0-0: Ball
1-0: Called Strike
1-1: Swinging Strike
1-2: Ball
2-2: Strikes out swinging
Batting: LHB Bill Gower 0-0: DOUBLE (Line Drive, 7LS, EV 100.6 MPH)
Rhys Bloor scores
Nick Jeffcoate to third
Runner from 3rd tries for Home, SAFE, no throw by LF
Batting: RHB Asa Thatcher 0-0: Ball
1-0: Foul Ball, location: 9LSF
1-1: Called Strike
Passed Ball!
Bill Gower to third
1-2: Ball
2-2: Ball
3-2: Foul Ball, location: 25F
3-2: Foul Ball, location: 25FF
3-2: Fly out, F9 (Flyball, 9, EV 97.5 MPH)
Bottom of the 7th over - 2 runs, 3 hits, 0 errors, 1 left on base; Canberra 2 - Cronulla 12
TOP OF THE 8TH
Canberra Raiders batting - Pitching for Cronulla Sharks : RHP Cavill Stupples
Pitching: RHP Fletch McIlwain
Now at 1B: Kirby Penfold
Batting: RHB Jamie Aplin 0-0: Foul Ball, location: 3F
0-1: Called Strike
0-2: Ground out 5-3 (Groundball, 56, EV 104.4 MPH)
Batting: RHB Bob Burdikin 0-0: Foul Ball, location: 2F
0-1: Foul Ball, location: 5SF
0-2: Ball
1-2: SINGLE (Line Drive, 34, EV 103.8 MPH)
Batting: LHB Glen Hamlyn 0-0: Ball
1-0: Called Strike
1-1: Ball
2-1: Ball
3-1: Foul Ball, location: 7LMF
3-2: Ground out 1-3 (Groundball, 13S, EV 68.8 MPH)
Bob Burdikin to second
Batting: RHB Tim Kennelly 0-0: Called Strike
0-1: Ball
1-1: Ball
2-1: Swinging Strike
2-2: Fly out, F9 (Flyball, 89M, EV 84.4 MPH)
Top of the 8th over - 0 runs, 1 hit, 0 errors, 1 left on base; Canberra 2 - Cronulla 12
BOTTOM OF THE 8TH
Cronulla Sharks batting - Pitching for Canberra Raiders : RHP Link Dagger
Batting: RHB Mark Ryan 0-0: Foul Ball, location: 2F
0-1: Ball
1-1: Hit by Pitch
Batting: SHB Bruno Collick 0-0: Called Strike
Mark Ryan steals 2nd base (no throw)
0-1: Foul Ball, location: 3F
0-2: Fly out, F9 (Flyball, 89M, EV 67.5 MPH)
Batting: RHB Ollie Bullivant 0-0: Called Strike
0-1: Foul Ball, location: 2F
0-2: Ball
1-2: Strikes out swinging
Batting: RHB Rhys Bloor 0-0: Ball
1-0: Called Strike
1-1: Ball
2-1: Ball
3-1: Fly out, F8 (Line Drive, 8LD, EV 89.4 MPH)
Bottom of the 8th over - 0 runs, 0 hits, 0 errors, 1 left on base; Canberra 2 - Cronulla 12
TOP OF THE 9TH
Canberra Raiders batting - Pitching for Cronulla Sharks : RHP Fletch McIlwain
Batting: LHB Ken Pym 0-0: Ball
1-0: Ball
2-0: Ball
3-0: Called Strike
3-1: DOUBLE (Flyball, 8RXD, EV 97.5 MPH)
Batting: RHB Jory Esplin 0-0: Foul Ball, location: 2F
0-1: SINGLE (Groundball, 3D, EV 95.0 MPH)
Ken Pym to third
Pinch Hitting: LHB Trent Tombs 0-0: Ball
1-0: Called Strike
1-1: Foul Ball, location: 3SF
1-2: Ball
2-2: Fly out, F9 (Flyball, 9S, EV 86.3 MPH)
Pinch Hitting: LHB Rutger Cooper 0-0: Ball
1-0: Foul Ball, location: 2RF
1-1: Foul Ball, location: 23FF
1-2: Ball
2-2: Ball
3-2: Strikes out swinging
Batting: LHB Darrien Simmons 0-0: Called Strike
0-1: Ball
1-1: Ball
2-1: Called Strike
2-2: Strikes out swinging
Top of the 9th over - 0 runs, 2 hits, 0 errors, 2 left on base; Canberra 2 - Cronulla 12
Sunday, May 5th , 2024 - OOTP Baseball 24.9 Build 80